[ AOE2 MATCH · #497208340 ]
UnrankedKhmer vs Portuguese
[ REPLAY ANALYSIS · EXTRACTED FROM THE RECORDED GAME ]
Feudal
9:47
Castle
13:41
Imperial
31:16
| APM avg | 21.2 |
| APM peak | 52 |
| eAPM avg | 15.7 |
| Villagers / military | 123 / 515 |
Focus
⚔️ 35.5% · 🌾 64.5%
Battle Elephant ×277 · Scout Cavalry ×163 · Scorpion ×75 · Trade Cart ×27
Feudal
10:48
Castle
14:35
Imperial
17:46
| APM avg | 28.1 |
| APM peak | 70 |
| eAPM avg | 16.3 |
| Villagers / military | 35 / 145 |
Focus
⚔️ 37.0% · 🌾 63.0%
Hand Cannoneer ×112 · Bombard Cannon ×21 · Monk ×10 · Archer ×2
Feudal
8:55
Castle
12:38
Imperial
24:10
| APM avg | 18.0 |
| APM peak | 43 |
| eAPM avg | 12.6 |
| Villagers / military | 144 / 421 |
Focus
⚔️ 37.1% · 🌾 62.9%
Archer ×420 · Unknown (1942) ×22 · Trade Cart ×16 · Monk ×1
Feudal
8:26
Castle
11:56
Imperial
26:15
| APM avg | 42.1 |
| APM peak | 106 |
| eAPM avg | 25.8 |
| Villagers / military | 176 / 235 |
Focus
⚔️ 28.6% · 🌾 71.4%
Skirmisher ×213 · Unknown (2579) ×126 · Unknown (2582) ×28 · Trade Cart ×17 · Trebuchet (Packed) ×17 · Mangonel ×5
Feudal
8:56
Castle
14:06
Imperial
28:47
| APM avg | 21.6 |
| APM peak | 59 |
| eAPM avg | 17.5 |
| Villagers / military | 142 / 757 |
Focus
⚔️ 39.7% · 🌾 60.3%
Spearman ×393 · Knight ×282 · Skirmisher ×50 · Teutonic Knight ×29 · Trebuchet (Packed) ×2 · Militia ×1
Feudal
7:36
Castle
11:10
Imperial
24:53
| APM avg | 106.5 |
| APM peak | 210 |
| eAPM avg | 73.4 |
| Villagers / military | 182 / 287 |
Focus
⚔️ 76.8% · 🌾 23.2%
Mangudai ×194 · Battering Ram ×49 · Mangonel ×43 · Trade Cart ×2 · Trebuchet (Packed) ×1
Feudal
8:51
Castle
12:38
Imperial
28:15
| APM avg | 33.5 |
| APM peak | 89 |
| eAPM avg | 24.2 |
| Villagers / military | 147 / 348 |
Focus
⚔️ 40.3% · 🌾 59.7%
Scout Cavalry ×261 · War Elephant ×85 · Trade Cart ×4 · Camel Scout ×1 · Trebuchet (Packed) ×1
Feudal
9:42
Castle
13:22
Imperial
16:47
| APM avg | 17.2 |
| APM peak | 72 |
| eAPM avg | 12.2 |
| Villagers / military | 98 / 0 |
Focus
⚔️ 8.0% · 🌾 92.0%
Match map
Initial resources + every placement click. Lines = walls · curves = elevation contours. ◆ gold · ⬟ stone · ● berries · ✦ relic · ◌ wall gap
Your base· ✓ Closed at 13:41 · 0t walls · 5 gate(s)
lobo's base· ✓ Closed at 14:35 · 0t walls · 8 gate(s)
EpicPlayer's base· ✓ Closed at 12:38 · 0t walls · 6 gate(s)
Wendysocute's base· ✓ Closed at 11:56 · 0t walls · 8 gate(s)
Baron279's base· ✓ Closed at 14:06 · 0t walls · 7 gate(s)
VIT | Hera's base· ✓ Closed at 11:10 · 0t walls · 5 gate(s)
zuti21's base· ✓ Closed at 12:38 · 0t walls · 9 gate(s)
Lord Snow's base· ✓ Closed at 13:22 · 1t walls · 5 gate(s)
Smoothed initial terrain · ◌ = detected wall gap · hover for details
Inputs per minute
— FAILEDFEMBOY - - lobo
Build order — FAILEDFEMBOY
First 150 of 473 actions detected
| 0:04 | Create | Villager (Male) |
| 0:04 | Create | Villager (Male) |
| 0:04 | Create | Villager (Male) |
| 0:04 | Create | Villager (Male) |
| 0:05 | Create | Villager (Male) |
| 0:17 | Build | Lumber Camp |
| 0:59 | Create | Villager (Male) |
| 1:00 | Create | Villager (Male) |
| 1:31 | Build | Mill |
| 1:31 | Create | Villager (Male) |
| 1:31 | Create | Villager (Male) |
| 1:32 | Create | Villager (Male) |
| 1:53 | Create | Villager (Male) |
| 1:54 | Create | Villager (Male) |
| 2:27 | Create | Villager (Male) |
| 2:27 | Create | Villager (Male) |
| 2:43 | Build | Farm |
| 2:51 | Create | Villager (Male) |
| 2:52 | Create | Villager (Male) |
| 3:16 | Create | Villager (Male) |
| 3:16 | Create | Villager (Male) |
| 3:49 | Create | Villager (Male) |
| 3:49 | Create | Villager (Male) |
| 4:24 | Create | Villager (Male) |
| 4:25 | Create | Villager (Male) |
| 4:51 | Create | Villager (Male) |
| 4:51 | Create | Villager (Male) |
| 5:09 | Create | Villager (Male) |
| 5:10 | Create | Villager (Male) |
| 5:10 | Create | Villager (Male) |
| 5:10 | Create | Villager (Male) |
| 5:10 | Create | Villager (Male) |
| 5:11 | Create | Villager (Male) |
| 5:16 | Create | Villager (Male) |
| 5:16 | Create | Villager (Male) |
| 5:17 | Create | Villager (Male) |
| 5:55 | Build | Mining Camp |
| 7:06 | Research | Loom |
| 7:37 | Research | Feudal Age |
| 7:56 | Build | Farm |
| 8:05 | Build | Farm |
| 8:07 | Build | Farm |
| 8:08 | Build | Farm |
| 8:13 | Build | Farm |
| 8:15 | Create | Villager (Male) |
| 8:15 | Create | Villager (Male) |
| 9:47 | Age | Feudal Age |
| 10:16 | Build | Market |
| 10:22 | Build | Blacksmith |
| 11:01 | Research | Castle Age |
| 11:02 | Research | Castle Age |
| 11:12 | Research | Double-Bit Axe |
| 11:27 | Research | Horse Collar |
| 11:27 | Research | Horse Collar |
| 12:12 | Build | Stable |
| 12:13 | Build | Lumber Camp |
| 13:32 | Research | Wheelbarrow |
| 13:41 | Age | Castle Age |
| 13:44 | Create | Battle Elephant |
| 13:44 | Create | Battle Elephant |
| 13:45 | Create | Battle Elephant |
| 13:57 | Build | Gate |
| 14:01 | Create | Villager (Male) |
| 14:02 | Create | Villager (Male) |
| 14:02 | Create | Villager (Male) |
| 14:17 | Create | Villager (Male) |
| 14:18 | Create | Villager (Male) |
| 14:18 | Create | Villager (Male) |
| 14:23 | Research | Bow Saw |
| 14:46 | Build | Stone Wall |
| 14:59 | Build | Town Center |
| 15:04 | Research | Heavy Plow |
| 15:47 | Create | Villager (Male) |
| 15:47 | Create | Villager (Male) |
| 16:01 | Research | Husbandry |
| 16:13 | Create | Battle Elephant |
| 16:25 | Create | Villager (Male) |
| 16:25 | Create | Villager (Male) |
| 16:32 | Build | Farm |
| 16:33 | Build | Farm |
| 16:33 | Build | Farm |
| 16:33 | Build | Farm |
| 16:33 | Build | Farm |
| 16:34 | Build | Farm |
| 16:58 | Create | Battle Elephant |
| 17:13 | Build | Mining Camp |
| 17:18 | Create | Villager (Male) |
| 17:18 | Create | Villager (Male) |
| 17:19 | Create | Villager (Male) |
| 17:19 | Create | Villager (Male) |
| 17:19 | Create | Villager (Male) |
| 17:48 | Build | House |
| 17:50 | Build | House |
| 18:05 | Create | Villager (Male) |
| 18:06 | Create | Villager (Male) |
| 18:06 | Create | Villager (Male) |
| 18:06 | Create | Villager (Male) |
| 18:16 | Create | Villager (Male) |
| 18:16 | Create | Villager (Male) |
| 18:31 | Create | Villager (Male) |
| 18:34 | Create | Villager (Male) |
| 18:34 | Create | Villager (Male) |
| 18:34 | Create | Villager (Male) |
| 18:43 | Build | Mining Camp |
| 18:52 | Create | Battle Elephant |
| 18:59 | Create | Villager (Male) |
| 18:59 | Create | Villager (Male) |
| 19:19 | Create | Villager (Male) |
| 19:19 | Create | Villager (Male) |
| 19:19 | Create | Villager (Male) |
| 19:20 | Create | Villager (Male) |
| 19:39 | Build | Stone Wall |
| 19:50 | Build | Farm |
| 19:51 | Build | Farm |
| 19:53 | Create | Villager (Male) |
| 19:54 | Create | Villager (Male) |
| 20:17 | Build | House |
| 20:29 | Build | Stone Wall |
| 20:45 | Research | Bloodlines |
| 20:46 | Create | Battle Elephant |
| 20:47 | Create | Battle Elephant |
| 20:47 | Create | Battle Elephant |
| 21:25 | Build | Lumber Camp |
| 21:36 | Build | Stable |
| 21:44 | Build | House |
| 21:45 | Build | House |
| 21:48 | Create | Villager (Male) |
| 21:49 | Create | Villager (Male) |
| 21:49 | Create | Villager (Male) |
| 21:49 | Create | Villager (Male) |
| 21:49 | Create | Villager (Male) |
| 21:49 | Create | Villager (Male) |
| 21:50 | Create | Villager (Male) |
| 21:50 | Create | Villager (Male) |
| 22:44 | Research | Forging |
| 22:45 | Research | Scale Barding Armor |
| 22:48 | Create | Villager (Male) |
| 22:48 | Create | Villager (Male) |
| 22:48 | Create | Villager (Male) |
| 22:49 | Create | Villager (Male) |
| 22:49 | Create | Villager (Male) |
| 22:56 | Build | Stable |
| 23:02 | Build | Stable |
| 23:14 | Build | Gate |
| 23:25 | Build | House |
| 23:26 | Build | House |
| 23:32 | Create | Villager (Male) |
| 23:33 | Create | Villager (Male) |
| 23:33 | Create | Villager (Male) |
| 23:33 | Create | Villager (Male) |
Build order — lobo
First 150 of 305 actions detected
| 0:09 | Create | Villager (Male) |
| 0:10 | Create | Villager (Male) |
| 0:19 | Build | Mill |
| 0:30 | Build | Lumber Camp |
| 0:33 | Create | Villager (Male) |
| 0:33 | Create | Villager (Male) |
| 1:40 | Create | Villager (Male) |
| 2:14 | Create | Villager (Male) |
| 2:20 | Create | Villager (Male) |
| 2:20 | Create | Villager (Male) |
| 3:33 | Create | Villager (Male) |
| 3:35 | Create | Villager (Male) |
| 4:14 | Create | Villager (Male) |
| 4:15 | Create | Villager (Male) |
| 5:05 | Create | Villager (Male) |
| 5:43 | Create | Villager (Male) |
| 5:56 | Create | Villager (Male) |
| 6:03 | Create | Villager (Male) |
| 6:04 | Create | Villager (Male) |
| 6:04 | Create | Villager (Male) |
| 6:04 | Create | Villager (Male) |
| 6:40 | Build | Mining Camp |
| 7:32 | Create | Villager (Male) |
| 7:51 | Research | Feudal Age |
| 7:51 | Research | Feudal Age |
| 8:01 | Build | Farm |
| 8:05 | Build | Farm |
| 8:13 | Build | Farm |
| 8:43 | Build | Farm |
| 8:46 | Build | Farm |
| 8:49 | Build | Farm |
| 8:51 | Build | Farm |
| 8:53 | Build | Farm |
| 8:59 | Build | Farm |
| 9:08 | Build | Farm |
| 9:36 | Create | Villager (Male) |
| 9:36 | Create | Villager (Male) |
| 10:48 | Age | Feudal Age |
| 10:53 | Build | Market |
| 10:56 | Build | Blacksmith |
| 11:55 | Research | Castle Age |
| 11:56 | Research | Castle Age |
| 11:59 | Research | Horse Collar |
| 11:59 | Research | Horse Collar |
| 14:35 | Age | Castle Age |
| 14:36 | Research | Imperial Age |
| 14:36 | Research | Imperial Age |
| 14:43 | Build | Mining Camp |
| 14:55 | Build | Monastery |
| 15:39 | Create | Monk |
| 16:04 | Research | Gold Mining |
| 17:06 | Build | House |
| 17:08 | Build | House |
| 17:11 | Build | House |
| 17:13 | Build | House |
| 17:46 | Age | Imperial Age |
| 17:51 | Build | Feitoria |
| 18:20 | Build | Feitoria |
| 19:06 | Build | House |
| 19:11 | Build | Stone Wall |
| 19:31 | Create | Monk |
| 19:39 | Research | Fletching |
| 19:57 | Build | Feitoria |
| 20:26 | Create | Monk |
| 20:44 | Build | University |
| 20:51 | Create | Monk |
| 21:16 | Research | Loom |
| 21:19 | Build | Feitoria |
| 22:09 | Research | Bodkin Arrow |
| 22:22 | Create | Monk |
| 22:29 | Create | Monk |
| 22:30 | Build | House |
| 22:32 | Build | House |
| 22:40 | Research | Bracer |
| 22:51 | Build | House |
| 22:52 | Build | House |
| 22:55 | Build | House |
| 22:58 | Build | House |
| 23:00 | Build | House |
| 23:03 | Research | Ballistics |
| 23:08 | Create | Monk |
| 23:13 | Build | House |
| 23:27 | Build | Feitoria |
| 23:46 | Create | Monk |
| 24:14 | Create | Monk |
| 24:28 | Research | Masonry |
| 24:37 | Research | Chemistry |
| 24:37 | Research | Chemistry |
| 24:40 | Build | Feitoria |
| 24:54 | Build | Stone Wall |
| 25:18 | Research | Architecture |
| 25:18 | Research | Architecture |
| 25:21 | Build | House |
| 25:22 | Build | House |
| 25:58 | Build | House |
| 26:01 | Build | House |
| 26:07 | Research | Padded Archer Armor |
| 26:18 | Build | Mining Camp |
| 26:24 | Build | House |
| 26:26 | Build | House |
| 26:27 | Build | House |
| 26:33 | Research | Fortified Wall (upgrade) |
| 26:33 | Research | Fortified Wall (upgrade) |
| 26:42 | Research | Leather Archer Armor |
| 26:45 | Build | Archery Range |
| 26:48 | Build | Archery Range |
| 27:17 | Build | Stone Wall |
| 27:39 | Build | Lumber Camp |
| 28:02 | Research | Elite Organ Gun (upgrade) |
| 28:02 | Research | Elite Organ Gun (upgrade) |
| 28:07 | Research | Conscription |
| 28:26 | Build | Siege Workshop |
| 28:52 | Create | Hand Cannoneer |
| 28:56 | Create | Villager (Male) |
| 29:02 | Build | Siege Workshop |
| 29:03 | Build | Siege Workshop |
| 30:19 | Create | Bombard Cannon |
| 30:25 | Research | Arquebus |
| 30:25 | Research | Arquebus |
| 30:39 | Build | Feitoria |
| 30:41 | Build | Feitoria |
| 30:43 | Research | Bombard Tower (upgrade) |
| 30:44 | Research | Bombard Tower (upgrade) |
| 31:05 | Create | Bombard Cannon |
| 31:23 | Create | Bombard Cannon |
| 31:32 | Build | House |
| 31:35 | Build | House |
| 31:37 | Build | House |
| 31:38 | Build | House |
| 31:44 | Build | Bombard Tower |
| 32:08 | Create | Bombard Cannon |
| 32:08 | Create | Bombard Cannon |
| 32:28 | Build | House |
| 32:29 | Build | House |
| 32:30 | Build | House |
| 32:40 | Build | House |
| 32:41 | Build | House |
| 32:42 | Build | House |
| 32:43 | Build | House |
| 33:17 | Build | Bombard Tower |
| 33:31 | Build | Gate |
| 33:34 | Create | Bombard Cannon |
| 33:35 | Create | Bombard Cannon |
| 33:43 | Build | Bombard Tower |
| 34:10 | Build | House |
| 34:11 | Build | House |
| 34:12 | Build | House |
| 34:12 | Build | House |
| 34:12 | Build | House |
| 34:40 | Build | Bombard Tower |
Build order — EpicPlayer
First 150 of 346 actions detected
| 0:02 | Create | Villager (Male) ×4 |
| 0:08 | Build | Lumber Camp |
| 0:52 | Build | Mill |
| 1:15 | Create | Villager (Male) |
| 1:49 | Create | Villager (Male) |
| 1:49 | Create | Villager (Male) |
| 2:16 | Create | Villager (Male) |
| 3:00 | Create | Villager (Male) |
| 3:00 | Create | Villager (Male) |
| 3:00 | Create | Villager (Male) |
| 3:00 | Create | Villager (Male) |
| 3:01 | Create | Villager (Male) |
| 3:09 | Build | Lumber Camp |
| 3:39 | Build | Farm |
| 3:40 | Build | Farm |
| 4:27 | Build | Mining Camp |
| 4:42 | Create | Villager (Male) ×5 |
| 5:40 | Build | Lumber Camp |
| 6:32 | Research | Feudal Age |
| 6:41 | Create | Villager (Male) |
| 6:42 | Create | Villager (Male) |
| 8:55 | Age | Feudal Age |
| 8:57 | Build | Market |
| 9:00 | Build | Blacksmith |
| 9:58 | Research | Castle Age |
| 10:27 | Research | Horse Collar |
| 11:02 | Research | Double-Bit Axe |
| 11:09 | Build | Farm |
| 11:10 | Build | Farm |
| 11:10 | Build | Farm |
| 11:10 | Build | Farm |
| 11:11 | Build | Farm |
| 11:11 | Build | Farm |
| 11:23 | Create | Villager (Male) ×2 |
| 11:40 | Build | Farm |
| 11:43 | Build | Farm |
| 12:15 | Create | Villager (Male) |
| 12:15 | Create | Villager (Male) |
| 12:38 | Age | Castle Age |
| 12:43 | Build | Town Center |
| 12:52 | Build | Town Center |
| 13:23 | Create | Villager (Male) ×5 |
| 13:35 | Build | House |
| 13:36 | Build | House |
| 13:37 | Build | House |
| 13:38 | Build | House |
| 13:39 | Build | House |
| 13:40 | Build | House |
| 14:00 | Build | Archery Range |
| 14:16 | Create | Villager (Male) |
| 14:16 | Create | Villager (Male) |
| 14:18 | Build | Farm |
| 14:25 | Build | Farm |
| 14:27 | Create | Villager (Male) |
| 14:27 | Create | Villager (Male) |
| 14:28 | Create | Villager (Male) |
| 14:28 | Create | Villager (Male) |
| 14:29 | Create | Villager (Male) |
| 14:29 | Create | Villager (Male) |
| 14:30 | Create | Villager (Male) |
| 14:32 | Create | Villager (Male) |
| 14:58 | Research | Fletching |
| 15:10 | Create | Villager (Male) |
| 15:10 | Create | Villager (Male) |
| 15:16 | Build | Farm |
| 15:16 | Build | Farm |
| 15:25 | Create | Villager (Male) |
| 15:38 | Create | Villager (Male) |
| 15:38 | Create | Villager (Male) |
| 15:39 | Create | Villager (Male) |
| 15:54 | Research | Bow Saw |
| 16:23 | Create | Villager (Male) |
| 16:24 | Create | Villager (Male) |
| 16:24 | Create | Villager (Male) |
| 16:26 | Build | House |
| 16:26 | Build | House |
| 16:27 | Build | House |
| 16:30 | Build | House |
| 16:31 | Build | House |
| 16:32 | Build | House |
| 16:32 | Build | House |
| 16:33 | Build | House |
| 16:34 | Build | House |
| 16:35 | Build | House |
| 16:36 | Build | House |
| 16:47 | Create | Villager (Male) |
| 16:48 | Create | Villager (Male) |
| 16:48 | Create | Villager (Male) |
| 17:09 | Build | Archery Range |
| 17:17 | Build | Archery Range |
| 17:32 | Create | Villager (Male) |
| 17:32 | Create | Villager (Male) |
| 17:32 | Create | Villager (Male) |
| 17:32 | Create | Villager (Male) |
| 17:33 | Create | Villager (Male) |
| 17:53 | Research | Wheelbarrow |
| 17:58 | Build | Farm |
| 17:58 | Build | Farm |
| 17:58 | Build | Farm |
| 17:58 | Build | Farm |
| 18:18 | Build | Lumber Camp |
| 18:33 | Create | Villager (Male) |
| 18:33 | Create | Villager (Male) |
| 18:34 | Create | Villager (Male) |
| 18:34 | Create | Villager (Male) |
| 18:34 | Create | Villager (Male) |
| 18:34 | Create | Villager (Male) |
| 19:03 | Build | Archery Range |
| 19:08 | Build | Archery Range |
| 19:19 | Create | Villager (Male) |
| 19:19 | Create | Villager (Male) |
| 19:19 | Create | Villager (Male) |
| 19:27 | Research | Hand Cart |
| 19:38 | Build | Farm |
| 19:39 | Build | Farm |
| 20:10 | Create | Villager (Male) |
| 20:10 | Create | Villager (Male) |
| 20:11 | Create | Villager (Male) |
| 20:11 | Create | Villager (Male) |
| 20:13 | Create | Villager (Male) |
| 20:14 | Create | Villager (Male) |
| 21:00 | Research | Imperial Age |
| 21:06 | Create | Villager (Male) |
| 21:06 | Create | Villager (Male) |
| 21:06 | Create | Villager (Male) |
| 21:07 | Create | Villager (Male) |
| 21:07 | Create | Villager (Male) |
| 21:29 | Research | Gold Mining |
| 21:43 | Build | Farm |
| 21:43 | Build | Farm |
| 21:45 | Build | Farm |
| 21:46 | Build | Farm |
| 21:49 | Build | Farm |
| 21:50 | Build | Farm |
| 21:59 | Build | Farm |
| 22:00 | Build | Farm |
| 22:08 | Research | Crossbowman (upgrade) |
| 22:09 | Research | Thumb Ring |
| 22:16 | Research | Bodkin Arrow |
| 22:48 | Build | Farm |
| 22:51 | Research | Heavy Plow |
| 23:07 | Research | Padded Archer Armor |
| 23:31 | Create | Trade Cart |
| 23:31 | Create | Trade Cart |
| 23:31 | Create | Trade Cart |
| 23:32 | Create | Trade Cart |
| 23:34 | Create | Trade Cart |
| 23:34 | Create | Trade Cart |
| 23:39 | Research | Caravan |
| 24:03 | Create | Villager (Male) |
Build order — Wendysocute
First 150 of 637 actions detected
| 0:01 | Create | Villager (Male) |
| 0:02 | Create | Villager (Male) |
| 0:21 | Build | Settlement |
| 0:29 | Create | Villager (Male) |
| 0:29 | Create | Villager (Male) |
| 0:30 | Create | Villager (Male) |
| 1:01 | Create | Villager (Male) |
| 1:01 | Create | Villager (Male) |
| 1:06 | Create | Villager (Male) |
| 1:06 | Create | Villager (Male) |
| 1:39 | Create | Villager (Male) |
| 1:39 | Create | Villager (Male) |
| 1:51 | Create | Villager (Male) |
| 2:31 | Create | Villager (Male) |
| 2:31 | Create | Villager (Male) |
| 3:00 | Create | Villager (Male) |
| 3:46 | Create | Villager (Male) |
| 3:52 | Build | Settlement |
| 3:58 | Create | Villager (Male) |
| 3:58 | Create | Villager (Male) |
| 3:58 | Create | Villager (Male) |
| 3:59 | Create | Villager (Male) |
| 3:59 | Create | Villager (Male) |
| 3:59 | Create | Villager (Male) |
| 4:00 | Create | Villager (Male) |
| 4:00 | Create | Villager (Male) |
| 5:13 | Build | Farm |
| 5:22 | Build | Farm |
| 5:30 | Build | Farm |
| 5:34 | Research | Feudal Age |
| 6:47 | Create | Villager (Male) |
| 6:47 | Create | Villager (Male) |
| 8:26 | Age | Feudal Age |
| 8:28 | Build | Market |
| 8:30 | Build | Blacksmith |
| 8:58 | Research | Horse Collar |
| 8:58 | Research | Horse Collar |
| 9:06 | Research | Double-Bit Axe |
| 9:06 | Research | Double-Bit Axe |
| 9:09 | Research | Castle Age |
| 9:09 | Research | Castle Age |
| 9:54 | Research | Horse Collar |
| 10:39 | Create | Villager (Male) |
| 11:13 | Create | Villager (Male) |
| 11:56 | Age | Castle Age |
| 11:59 | Build | Town Center |
| 12:33 | Build | Town Center |
| 12:37 | Research | Bow Saw |
| 12:39 | Create | Villager (Male) |
| 12:53 | Build | Farm |
| 13:05 | Create | Villager (Male) |
| 13:14 | Build | Farm |
| 13:33 | Build | House |
| 13:34 | Build | House |
| 13:36 | Build | House |
| 13:37 | Build | House |
| 13:39 | Build | House |
| 13:49 | Create | Villager (Male) |
| 13:49 | Create | Villager (Male) |
| 13:52 | Build | Farm |
| 13:54 | Build | House |
| 13:56 | Build | House |
| 13:57 | Build | House |
| 13:58 | Build | House |
| 13:59 | Create | Villager (Male) |
| 14:03 | Create | Villager (Male) |
| 14:03 | Create | Villager (Male) |
| 14:06 | Create | Villager (Male) |
| 14:06 | Create | Villager (Male) |
| 14:14 | Research | Wheelbarrow |
| 14:15 | Research | Wheelbarrow |
| 14:16 | Create | Villager (Male) |
| 14:17 | Create | Villager (Male) |
| 14:17 | Create | Villager (Male) |
| 14:19 | Create | Villager (Male) |
| 14:24 | Build | Farm |
| 14:33 | Create | Villager (Male) |
| 14:41 | Build | Farm |
| 14:42 | Build | Farm |
| 14:48 | Build | Farm |
| 14:49 | Create | Villager (Male) |
| 14:55 | Build | Farm |
| 14:55 | Build | Farm |
| 15:09 | Build | Farm |
| 15:09 | Build | Farm |
| 15:12 | Create | Villager (Male) |
| 15:18 | Build | Farm |
| 15:23 | Create | Villager (Male) |
| 15:30 | Build | Farm |
| 15:32 | Create | Villager (Male) |
| 15:47 | Create | Villager (Male) |
| 15:50 | Create | Villager (Male) |
| 15:55 | Build | Farm |
| 15:57 | Build | Farm |
| 15:58 | Create | Villager (Male) |
| 16:09 | Build | Stone Wall |
| 16:12 | Create | Villager (Male) |
| 16:13 | Create | Villager (Male) |
| 16:13 | Create | Villager (Male) |
| 16:30 | Build | Stone Wall |
| 16:34 | Build | Stone Wall |
| 16:43 | Create | Villager (Male) |
| 16:44 | Create | Villager (Male) |
| 16:45 | Create | Villager (Male) |
| 16:45 | Create | Villager (Male) |
| 16:46 | Create | Villager (Male) |
| 16:49 | Build | Farm |
| 16:51 | Build | Farm |
| 16:51 | Create | Villager (Male) |
| 16:55 | Create | Villager (Male) |
| 16:59 | Build | Farm |
| 17:01 | Build | Farm |
| 17:02 | Build | Farm |
| 17:03 | Build | Farm |
| 17:10 | Create | Villager (Male) |
| 17:16 | Research | Heavy Plow |
| 17:16 | Research | Heavy Plow |
| 17:17 | Create | Villager (Male) |
| 17:17 | Create | Villager (Male) |
| 17:17 | Create | Villager (Male) |
| 17:30 | Build | Farm |
| 17:34 | Create | Villager (Male) |
| 17:39 | Build | Farm |
| 17:41 | Create | Villager (Male) |
| 17:52 | Build | Gate |
| 17:57 | Create | Villager (Male) |
| 17:58 | Create | Villager (Male) |
| 17:58 | Create | Villager (Male) |
| 18:02 | Research | Gold Mining |
| 18:07 | Build | House |
| 18:08 | Build | House |
| 18:11 | Create | Villager (Male) |
| 18:26 | Create | Villager (Male) |
| 18:29 | Create | Villager (Male) |
| 18:35 | Create | Villager (Male) |
| 18:52 | Research | Hand Cart |
| 18:52 | Research | Hand Cart |
| 19:04 | Create | Villager (Male) |
| 19:07 | Create | Villager (Male) |
| 19:07 | Create | Villager (Male) |
| 19:32 | Research | Gold Shaft Mining |
| 19:38 | Research | Stone Mining |
| 19:39 | Research | Stone Mining |
| 19:40 | Create | Villager (Male) |
| 19:49 | Create | Villager (Male) |
| 19:49 | Create | Villager (Male) |
| 19:53 | Build | House |
| 19:54 | Build | House |
| 20:01 | Create | Villager (Male) |
| 20:02 | Create | Villager (Male) |
Build order — Baron279
First 150 of 612 actions detected
| 0:10 | Research | Loom |
| 0:18 | Build | Lumber Camp |
| 0:29 | Create | Villager (Male) |
| 0:29 | Create | Villager (Male) |
| 0:30 | Create | Villager (Male) |
| 0:30 | Create | Villager (Male) |
| 0:30 | Create | Villager (Male) |
| 1:43 | Create | Villager (Male) |
| 1:43 | Create | Villager (Male) |
| 1:44 | Create | Villager (Male) |
| 1:44 | Create | Villager (Male) |
| 2:18 | Create | Villager (Male) |
| 2:19 | Create | Villager (Male) |
| 3:02 | Build | Lumber Camp |
| 3:16 | Build | Mill |
| 3:29 | Create | Villager (Male) |
| 3:29 | Create | Villager (Male) |
| 3:29 | Create | Villager (Male) |
| 3:30 | Create | Villager (Male) |
| 4:10 | Create | Villager (Male) |
| 4:10 | Create | Villager (Male) |
| 4:11 | Create | Villager (Male) |
| 4:26 | Build | Farm |
| 4:27 | Build | Farm |
| 4:27 | Build | Farm |
| 4:27 | Build | Farm |
| 4:27 | Build | Farm |
| 4:27 | Build | Farm |
| 4:28 | Build | Farm |
| 5:02 | Create | Villager (Male) |
| 5:02 | Create | Villager (Male) |
| 5:40 | Build | Mining Camp |
| 6:46 | Research | Feudal Age |
| 7:47 | Create | Villager (Male) |
| 7:48 | Create | Villager (Male) |
| 7:49 | Create | Villager (Male) |
| 7:49 | Create | Villager (Male) |
| 7:49 | Create | Villager (Male) |
| 8:56 | Age | Feudal Age |
| 9:02 | Build | Blacksmith |
| 9:07 | Build | Market |
| 9:28 | Build | Farm |
| 9:28 | Build | Farm |
| 9:28 | Build | Farm |
| 9:29 | Build | Farm |
| 10:21 | Create | Villager (Male) |
| 10:22 | Create | Villager (Male) |
| 11:22 | Research | Castle Age |
| 11:23 | Research | Castle Age |
| 11:56 | Research | Double-Bit Axe |
| 11:59 | Research | Horse Collar |
| 12:25 | Build | Lumber Camp |
| 13:15 | Build | Farm |
| 13:36 | Research | Wheelbarrow |
| 13:36 | Research | Town Watch |
| 13:40 | Create | Villager (Male) |
| 13:40 | Create | Villager (Male) |
| 14:06 | Age | Castle Age |
| 14:12 | Build | Town Center |
| 14:21 | Create | Villager (Male) |
| 14:27 | Build | Town Center |
| 14:40 | Research | Bow Saw |
| 14:43 | Research | Heavy Plow |
| 15:31 | Create | Villager (Male) |
| 15:36 | Build | Farm |
| 15:55 | Research | Hand Cart |
| 16:00 | Build | Farm |
| 16:00 | Build | Farm |
| 16:00 | Build | Farm |
| 16:00 | Build | Farm |
| 16:01 | Build | Farm |
| 16:01 | Build | Farm |
| 16:01 | Build | Farm |
| 16:01 | Build | Farm |
| 16:17 | Create | Villager (Male) |
| 16:18 | Create | Villager (Male) |
| 16:18 | Create | Villager (Male) |
| 16:34 | Create | Villager (Male) |
| 16:34 | Create | Villager (Male) |
| 16:35 | Create | Villager (Male) |
| 16:50 | Build | Farm |
| 16:50 | Build | Farm |
| 16:50 | Build | Farm |
| 16:50 | Build | Farm |
| 16:55 | Build | Farm |
| 16:56 | Build | Farm |
| 16:56 | Build | Farm |
| 16:56 | Build | Farm |
| 16:56 | Build | Farm |
| 16:56 | Build | Farm |
| 17:07 | Create | Villager (Male) |
| 17:07 | Create | Villager (Male) |
| 17:08 | Create | Villager (Male) |
| 17:48 | Research | Scale Barding Armor |
| 17:50 | Research | Fletching |
| 17:53 | Create | Villager (Male) |
| 17:53 | Create | Villager (Male) |
| 17:55 | Create | Villager (Male) |
| 17:59 | Create | Villager (Male) |
| 17:59 | Create | Villager (Male) |
| 17:59 | Create | Villager (Male) |
| 18:28 | Build | Town Center |
| 18:37 | Create | Villager (Male) |
| 18:37 | Create | Villager (Male) |
| 18:38 | Create | Villager (Male) |
| 18:51 | Create | Villager (Male) |
| 18:51 | Create | Villager (Male) |
| 18:51 | Create | Villager (Male) |
| 19:10 | Create | Villager (Male) |
| 19:11 | Create | Villager (Male) |
| 19:26 | Build | Mining Camp |
| 19:31 | Research | Gold Mining |
| 19:33 | Create | Villager (Male) |
| 19:33 | Create | Villager (Male) |
| 19:33 | Create | Villager (Male) |
| 19:43 | Create | Villager (Male) |
| 19:43 | Create | Villager (Male) |
| 19:44 | Create | Villager (Male) |
| 19:57 | Create | Villager (Male) |
| 20:07 | Build | Farm |
| 20:07 | Build | Farm |
| 20:08 | Build | Farm |
| 20:08 | Build | Farm |
| 20:08 | Build | Farm |
| 20:08 | Build | Farm |
| 20:08 | Build | Farm |
| 20:09 | Build | Farm |
| 20:14 | Create | Villager (Male) |
| 20:14 | Create | Villager (Male) |
| 20:15 | Create | Villager (Male) |
| 20:15 | Create | Villager (Male) |
| 20:31 | Build | Mill |
| 20:33 | Build | Farm |
| 20:33 | Build | Farm |
| 20:33 | Build | Farm |
| 20:33 | Build | Farm |
| 20:33 | Build | Farm |
| 20:34 | Build | Farm |
| 20:34 | Build | Farm |
| 20:34 | Build | Farm |
| 20:37 | Create | Villager (Male) |
| 20:38 | Create | Villager (Male) |
| 20:38 | Create | Villager (Male) |
| 20:38 | Create | Villager (Male) |
| 20:43 | Build | Mining Camp |
| 20:47 | Build | Lumber Camp |
| 20:50 | Research | Stone Mining |
| 20:58 | Create | Villager (Male) |
| 20:59 | Create | Villager (Male) |
| 20:59 | Create | Villager (Male) |
Build order — VIT | Hera
First 150 of 455 actions detected
| 0:01 | Create | Villager (Male) |
| 0:01 | Create | Villager (Male) |
| 0:03 | Build | Mill |
| 0:05 | Create | Villager (Male) |
| 0:05 | Create | Villager (Male) |
| 0:05 | Create | Villager (Male) |
| 0:13 | Build | Lumber Camp |
| 1:01 | Create | Villager (Male) |
| 1:01 | Create | Villager (Male) |
| 1:28 | Create | Villager (Male) |
| 1:28 | Create | Villager (Male) |
| 1:31 | Create | Villager (Male) |
| 1:31 | Create | Villager (Male) |
| 2:55 | Create | Villager (Male) |
| 2:56 | Create | Villager (Male) |
| 2:56 | Create | Villager (Male) |
| 2:56 | Create | Villager (Male) |
| 2:56 | Create | Villager (Male) |
| 2:57 | Create | Villager (Male) |
| 3:16 | Create | Villager (Male) |
| 3:16 | Create | Villager (Male) |
| 3:34 | Build | Farm |
| 3:35 | Build | Farm |
| 3:45 | Build | Farm |
| 3:47 | Create | Villager (Male) |
| 4:40 | Build | Farm |
| 4:50 | Create | Villager (Male) |
| 5:11 | Build | Mining Camp |
| 5:15 | Research | Feudal Age |
| 5:16 | Research | Feudal Age |
| 7:14 | Create | Villager (Male) |
| 7:36 | Age | Feudal Age |
| 7:41 | Build | Market |
| 7:44 | Build | Blacksmith |
| 7:45 | Research | Double-Bit Axe |
| 7:46 | Research | Double-Bit Axe |
| 7:46 | Research | Double-Bit Axe |
| 7:50 | Build | Blacksmith |
| 8:00 | Create | Villager (Male) |
| 8:30 | Research | Castle Age |
| 8:31 | Research | Castle Age |
| 8:40 | Research | Horse Collar |
| 8:41 | Research | Horse Collar |
| 8:41 | Research | Horse Collar |
| 10:44 | Build | Farm |
| 11:02 | Create | Villager (Male) |
| 11:10 | Age | Castle Age |
| 11:12 | Build | Town Center |
| 11:13 | Create | Villager (Male) |
| 11:17 | Build | University |
| 11:20 | Build | Town Center |
| 11:27 | Create | Trade Cart |
| 11:27 | Create | Trade Cart |
| 11:29 | Research | Bow Saw |
| 11:29 | Research | Bow Saw |
| 11:30 | Create | Villager (Male) |
| 11:34 | Research | Heavy Plow |
| 11:34 | Research | Heavy Plow |
| 11:43 | Create | Villager (Male) |
| 11:46 | Create | Villager (Male) |
| 11:48 | Create | Villager (Male) |
| 11:50 | Create | Villager (Male) |
| 11:52 | Create | Villager (Male) |
| 11:56 | Build | Farm |
| 12:05 | Build | Farm |
| 12:27 | Create | Villager (Male) |
| 12:29 | Build | Farm |
| 12:29 | Create | Villager (Male) |
| 12:30 | Create | Villager (Male) |
| 12:35 | Create | Villager (Male) |
| 12:35 | Create | Villager (Male) |
| 12:37 | Create | Villager (Male) |
| 12:37 | Create | Villager (Male) |
| 12:42 | Build | Farm |
| 12:57 | Build | Farm |
| 13:07 | Create | Villager (Male) |
| 13:07 | Create | Villager (Male) |
| 13:11 | Build | Farm |
| 13:16 | Build | Farm |
| 13:25 | Create | Villager (Male) |
| 13:25 | Create | Villager (Male) |
| 13:26 | Create | Villager (Male) |
| 13:32 | Create | Villager (Male) |
| 13:33 | Build | Farm |
| 13:34 | Build | Farm |
| 13:37 | Build | Farm |
| 13:38 | Build | Farm |
| 13:39 | Build | Farm |
| 13:42 | Build | Farm |
| 13:45 | Build | Farm |
| 13:45 | Build | Farm |
| 13:50 | Create | Villager (Male) |
| 13:55 | Build | Farm |
| 13:58 | Build | Farm |
| 14:05 | Create | Villager (Male) |
| 14:06 | Create | Villager (Male) |
| 14:11 | Build | Farm |
| 14:15 | Build | Farm |
| 14:20 | Create | Villager (Male) |
| 14:20 | Create | Villager (Male) |
| 14:26 | Build | House |
| 14:26 | Build | House |
| 14:28 | Create | Villager (Male) |
| 14:29 | Create | Villager (Male) |
| 14:29 | Create | Villager (Male) |
| 14:32 | Build | Farm |
| 14:34 | Create | Villager (Male) |
| 14:34 | Create | Villager (Male) |
| 14:36 | Build | Farm |
| 14:40 | Build | Farm |
| 14:43 | Create | Villager (Male) |
| 14:43 | Create | Villager (Male) |
| 14:51 | Build | Farm |
| 14:52 | Create | Villager (Male) |
| 14:52 | Create | Villager (Male) |
| 14:55 | Build | Farm |
| 14:56 | Build | Farm |
| 14:56 | Build | Farm |
| 15:01 | Create | Villager (Male) |
| 15:01 | Create | Villager (Male) |
| 15:05 | Create | Villager (Male) |
| 15:05 | Create | Villager (Male) |
| 15:06 | Build | Farm |
| 15:13 | Create | Villager (Male) |
| 15:13 | Create | Villager (Male) |
| 15:18 | Build | Farm |
| 15:20 | Build | Farm |
| 15:26 | Build | Farm |
| 15:26 | Create | Villager (Male) |
| 15:26 | Create | Villager (Male) |
| 15:29 | Build | Farm |
| 15:31 | Create | Villager (Male) |
| 15:31 | Create | Villager (Male) |
| 15:43 | Create | Villager (Male) |
| 15:45 | Create | Villager (Male) |
| 15:47 | Create | Villager (Male) |
| 15:47 | Create | Villager (Male) |
| 15:58 | Create | Villager (Male) |
| 15:59 | Create | Villager (Male) |
| 16:01 | Build | Town Center |
| 16:03 | Create | Villager (Male) |
| 16:03 | Create | Villager (Male) |
| 16:11 | Build | Farm |
| 16:15 | Create | Villager (Male) |
| 16:19 | Create | Villager (Male) |
| 16:24 | Create | Villager (Male) |
| 16:30 | Research | Wheelbarrow |
| 16:30 | Research | Wheelbarrow |
| 16:32 | Build | Farm |
| 16:33 | Build | Farm |
Build order — zuti21
First 150 of 710 actions detected
| 1:26 | Build | Lumber Camp |
| 1:37 | Create | Villager (Male) |
| 1:38 | Create | Villager (Male) |
| 1:38 | Create | Villager (Male) |
| 1:38 | Create | Villager (Male) |
| 1:39 | Create | Villager (Male) |
| 1:39 | Create | Villager (Male) |
| 2:33 | Create | Villager (Male) |
| 2:37 | Create | Villager (Male) |
| 3:17 | Create | Villager (Male) |
| 3:18 | Create | Villager (Male) |
| 3:18 | Create | Villager (Male) |
| 4:12 | Create | Villager (Male) |
| 4:23 | Build | Mill |
| 5:03 | Build | Farm |
| 5:14 | Build | Farm |
| 5:25 | Build | Farm |
| 5:27 | Create | Villager (Male) |
| 5:30 | Build | Farm |
| 5:34 | Build | Farm |
| 5:51 | Build | Farm |
| 5:54 | Create | Villager (Male) |
| 6:10 | Create | Villager (Male) |
| 6:21 | Research | Feudal Age |
| 6:44 | Create | Villager (Male) |
| 6:44 | Create | Villager (Male) |
| 6:45 | Research | Loom |
| 6:56 | Build | Mining Camp |
| 8:51 | Age | Feudal Age |
| 8:56 | Build | Blacksmith |
| 9:37 | Build | Market |
| 9:50 | Create | Villager (Male) |
| 10:13 | Research | Castle Age |
| 10:13 | Research | Castle Age |
| 10:42 | Research | Double-Bit Axe |
| 10:50 | Research | Horse Collar |
| 10:50 | Research | Horse Collar |
| 11:09 | Research | Loom |
| 12:09 | Create | Villager (Male) |
| 12:38 | Age | Castle Age |
| 12:45 | Build | Town Center |
| 12:58 | Create | Villager (Male) |
| 13:24 | Create | Villager (Male) |
| 13:46 | Build | Town Center |
| 14:09 | Create | Villager (Male) |
| 14:10 | Create | Villager (Male) |
| 14:14 | Build | Lumber Camp |
| 14:18 | Create | Villager (Male) |
| 14:18 | Create | Villager (Male) |
| 14:18 | Create | Villager (Male) |
| 14:19 | Create | Villager (Male) |
| 14:22 | Create | Villager (Male) |
| 14:22 | Create | Villager (Male) |
| 14:40 | Build | Farm |
| 14:52 | Research | Bow Saw |
| 15:06 | Build | Farm |
| 15:08 | Build | Farm |
| 15:13 | Create | Villager (Male) |
| 15:13 | Create | Villager (Male) |
| 15:26 | Build | House |
| 15:27 | Build | House |
| 15:30 | Build | House |
| 15:31 | Build | House |
| 15:36 | Create | Villager (Male) |
| 15:38 | Create | Villager (Male) |
| 15:49 | Create | Villager (Male) |
| 15:52 | Create | Villager (Male) |
| 15:58 | Create | Villager (Male) |
| 16:02 | Build | Farm |
| 16:04 | Build | Farm |
| 16:08 | Build | Farm |
| 16:11 | Build | House |
| 16:12 | Build | House |
| 16:16 | Build | Palisade Gate |
| 16:18 | Build | House |
| 16:19 | Build | House |
| 16:22 | Build | House |
| 16:26 | Create | Villager (Male) |
| 16:26 | Create | Villager (Male) |
| 16:32 | Build | Farm |
| 16:37 | Build | Farm |
| 16:41 | Create | Villager (Male) |
| 16:51 | Build | Farm |
| 16:57 | Create | Villager (Male) |
| 16:58 | Create | Villager (Male) |
| 17:04 | Build | Farm |
| 17:10 | Build | House |
| 17:11 | Build | House |
| 17:12 | Build | House |
| 17:16 | Create | Villager (Male) |
| 17:17 | Create | Villager (Male) |
| 17:19 | Create | Villager (Male) |
| 17:23 | Build | Farm |
| 17:27 | Build | Farm |
| 17:37 | Build | House |
| 17:38 | Build | House |
| 17:40 | Build | House |
| 17:41 | Build | House |
| 17:42 | Build | House |
| 17:44 | Build | House |
| 17:45 | Build | House |
| 17:48 | Create | Villager (Male) |
| 17:48 | Create | Villager (Male) |
| 17:49 | Create | Villager (Male) |
| 18:01 | Research | Heavy Plow |
| 18:04 | Create | Villager (Male) |
| 18:10 | Build | Farm |
| 18:15 | Create | Villager (Male) |
| 18:19 | Create | Villager (Male) |
| 18:23 | Build | Farm |
| 18:26 | Build | Farm |
| 18:29 | Create | Villager (Male) |
| 18:35 | Build | Farm |
| 18:41 | Create | Villager (Male) |
| 18:47 | Build | Mining Camp |
| 18:51 | Create | Villager (Male) |
| 19:00 | Create | Villager (Male) |
| 19:00 | Create | Villager (Male) |
| 19:02 | Create | Villager (Male) |
| 19:11 | Build | Farm |
| 19:16 | Create | Villager (Male) |
| 19:18 | Create | Villager (Male) |
| 19:24 | Research | Wheelbarrow |
| 19:27 | Research | Wheelbarrow |
| 19:32 | Create | Villager (Male) |
| 19:33 | Build | Farm |
| 19:45 | Build | Lumber Camp |
| 19:46 | Create | Villager (Male) |
| 19:50 | Build | Farm |
| 19:52 | Create | Villager (Male) |
| 19:53 | Create | Villager (Male) |
| 19:57 | Build | Farm |
| 20:03 | Create | Villager (Male) |
| 20:06 | Build | Farm |
| 20:13 | Build | Farm |
| 20:15 | Build | Farm |
| 20:17 | Create | Villager (Male) |
| 20:17 | Create | Villager (Male) |
| 20:21 | Create | Villager (Male) |
| 20:38 | Create | Villager (Male) |
| 20:39 | Create | Villager (Male) |
| 20:40 | Create | Villager (Male) |
| 20:45 | Build | Town Center |
| 20:58 | Create | Villager (Male) |
| 20:58 | Create | Villager (Male) |
| 21:04 | Build | Farm |
| 21:06 | Build | Farm |
| 21:09 | Create | Villager (Male) |
| 21:12 | Create | Villager (Male) |
| 21:13 | Create | Villager (Male) |
Build order — Lord Snow
First 150 of 247 actions detected
| 0:01 | Create | Villager (Male) |
| 0:08 | Build | Mill |
| 0:15 | Create | Villager (Male) |
| 0:41 | Build | Lumber Camp |
| 0:52 | Create | Villager (Male) |
| 0:52 | Create | Villager (Male) |
| 0:52 | Create | Villager (Male) |
| 1:23 | Create | Villager (Male) |
| 1:37 | Create | Villager (Male) |
| 1:54 | Create | Villager (Male) |
| 1:54 | Create | Villager (Male) |
| 2:27 | Create | Villager (Male) |
| 2:27 | Create | Villager (Male) |
| 3:14 | Create | Villager (Male) |
| 3:29 | Create | Villager (Male) |
| 3:52 | Create | Villager (Male) |
| 3:52 | Create | Villager (Male) |
| 4:16 | Create | Villager (Male) |
| 4:19 | Build | Farm |
| 4:19 | Build | Farm |
| 4:19 | Build | Farm |
| 4:19 | Build | Farm |
| 4:20 | Build | Farm |
| 4:20 | Build | Farm |
| 4:23 | Build | Farm |
| 4:44 | Create | Villager (Male) |
| 5:02 | Build | Farm |
| 5:21 | Create | Villager (Male) |
| 5:45 | Build | Mining Camp |
| 5:50 | Create | Villager (Male) |
| 6:18 | Create | Villager (Male) |
| 6:19 | Create | Villager (Male) |
| 7:00 | Research | Feudal Age |
| 8:18 | Create | Villager (Male) |
| 8:20 | Create | Villager (Male) |
| 9:42 | Age | Feudal Age |
| 9:44 | Build | Market |
| 9:48 | Build | Blacksmith |
| 9:50 | Build | Palisade Wall |
| 9:56 | Research | Horse Collar |
| 9:58 | Research | Double-Bit Axe |
| 10:42 | Research | Castle Age |
| 11:20 | Create | Villager (Male) |
| 11:20 | Create | Villager (Male) |
| 12:29 | Build | House |
| 12:30 | Build | House |
| 12:31 | Build | House |
| 12:33 | Build | House |
| 12:35 | Build | House |
| 12:36 | Build | House |
| 13:22 | Age | Castle Age |
| 13:37 | Research | Imperial Age |
| 13:37 | Research | Imperial Age |
| 13:37 | Research | Imperial Age |
| 14:00 | Research | Loom |
| 14:09 | Build | House |
| 14:11 | Build | House |
| 14:12 | Build | House |
| 14:14 | Build | House |
| 14:15 | Build | House |
| 14:17 | Build | House |
| 14:47 | Research | Gold Mining |
| 15:18 | Build | House |
| 15:20 | Build | House |
| 15:21 | Build | House |
| 15:32 | Create | Villager (Male) |
| 15:32 | Create | Villager (Male) |
| 15:52 | Create | Villager (Male) |
| 16:47 | Age | Imperial Age |
| 16:51 | Build | Feitoria |
| 17:01 | Build | Feitoria |
| 17:11 | Create | Villager (Male) |
| 17:20 | Build | House |
| 17:25 | Build | House |
| 17:27 | Build | House |
| 17:28 | Build | House |
| 17:29 | Build | House |
| 18:13 | Build | Feitoria |
| 18:48 | Create | Villager (Male) |
| 19:05 | Create | Villager (Male) |
| 19:38 | Build | Feitoria |
| 19:42 | Create | Villager (Male) |
| 19:42 | Create | Villager (Male) |
| 19:42 | Create | Villager (Male) |
| 19:43 | Create | Villager (Male) |
| 19:51 | Build | House |
| 19:51 | Build | House |
| 19:52 | Build | House |
| 19:52 | Build | House |
| 19:52 | Build | House |
| 19:57 | Build | House |
| 19:59 | Build | House |
| 20:00 | Build | House |
| 20:00 | Build | House |
| 20:05 | Build | Mining Camp |
| 20:06 | Create | Villager (Male) |
| 20:43 | Research | Coinage |
| 20:47 | Build | Feitoria |
| 20:50 | Create | Villager (Male) |
| 20:50 | Create | Villager (Male) |
| 20:50 | Create | Villager (Male) |
| 21:15 | Build | House |
| 21:17 | Build | House |
| 21:18 | Build | House |
| 21:20 | Build | House |
| 21:20 | Build | House |
| 21:21 | Build | House |
| 21:21 | Build | House |
| 21:21 | Build | House |
| 21:22 | Build | House |
| 21:32 | Build | Stone Wall |
| 21:35 | Create | Villager (Male) |
| 21:45 | Research | Banking |
| 21:57 | Build | Feitoria |
| 22:02 | Create | Villager (Male) |
| 22:10 | Research | Town Watch |
| 22:15 | Create | Villager (Male) |
| 22:46 | Create | Villager (Male) |
| 22:58 | Create | Villager (Male) |
| 23:06 | Build | Mining Camp |
| 23:13 | Build | University |
| 23:25 | Create | Villager (Male) |
| 23:37 | Create | Villager (Male) |
| 23:43 | Research | Stone Mining |
| 23:55 | Build | House |
| 23:57 | Build | House |
| 23:58 | Build | House |
| 23:59 | Build | House |
| 24:01 | Create | Villager (Male) |
| 24:26 | Build | Feitoria |
| 24:31 | Research | Chemistry |
| 24:32 | Research | Masonry |
| 24:42 | Build | House |
| 24:43 | Build | House |
| 25:09 | Create | Villager (Male) |
| 25:31 | Build | University |
| 25:42 | Create | Villager (Male) |
| 25:48 | Create | Villager (Male) |
| 25:56 | Build | Mining Camp |
| 26:12 | Research | Fortified Wall (upgrade) |
| 26:19 | Create | Villager (Male) |
| 26:33 | Create | Villager (Male) |
| 26:37 | Create | Villager (Male) |
| 26:48 | Build | Stone Wall |
| 27:06 | Create | Villager (Male) |
| 27:07 | Create | Villager (Male) |
| 27:08 | Research | Wheelbarrow |
| 27:10 | Research | Town Watch |
| 27:50 | Research | Architecture |
| 27:50 | Research | Architecture |
Match timeline
| 7:36 | VIT | Hera · age_up feudal |
| 8:26 | Wendysocute · age_up feudal |
| 8:51 | zuti21 · age_up feudal |
| 8:55 | EpicPlayer · age_up feudal |
| 8:56 | Baron279 · age_up feudal |
| 9:42 | Lord Snow · age_up feudal |
| 9:47 | FAILEDFEMBOY · age_up feudal |
| 9:50 | Lord Snow · wall_segment Palisade Wall x1 |
| 10:48 | lobo · age_up feudal |
| 11:10 | VIT | Hera · age_up castle |
| 11:33 | VIT | Hera · first_market_buy 100 wood |
| 11:56 | Wendysocute · age_up castle |
| 12:12 | FAILEDFEMBOY · first_building Stable |
| 12:38 | EpicPlayer · age_up castle |
| 12:38 | zuti21 · age_up castle |
| 13:03 | Lord Snow · first_market_buy 100 food |
| 13:04 | Lord Snow · first_market_sell 100 stone |
| 13:22 | Lord Snow · age_up castle |
| 13:41 | FAILEDFEMBOY · age_up castle |
| 13:57 | lobo · first_market_sell 100 wood |
| 14:00 | EpicPlayer · first_building Archery Range |
| 14:06 | Baron279 · age_up castle |
| 14:06 | lobo · first_market_buy 100 food |
| 14:35 | lobo · age_up castle |
| 14:46 | FAILEDFEMBOY · wall_segment Stone Wall x15 |
| 14:50 | zuti21 · first_market_buy 100 wood |
| 14:55 | lobo · first_building Monastery |
| 15:34 | EpicPlayer · first_market_buy 100 food |
| 16:09 | Wendysocute · wall_segment Stone Wall x9 |
| 16:30 | Wendysocute · wall_segment Stone Wall x5 |
| 16:31 | Baron279 · first_market_buy 100 food |
| 16:34 | Wendysocute · wall_segment Stone Wall x10 |
| 16:47 | Lord Snow · age_up imperial |
| 17:46 | lobo · age_up imperial |
| 19:11 | lobo · wall_segment Stone Wall x14 |
| 19:39 | FAILEDFEMBOY · wall_segment Stone Wall x15 |
| 20:29 | FAILEDFEMBOY · wall_segment Stone Wall x8 |
| 20:42 | EpicPlayer · first_market_sell 100 stone |
| 20:47 | Wendysocute · wall_segment Stone Wall x9 |
| 20:54 | Wendysocute · wall_segment Stone Wall x15 |
| 21:08 | Wendysocute · wall_segment Stone Wall x8 |
| 21:32 | Lord Snow · wall_segment Stone Wall x15 |
| 21:41 | VIT | Hera · first_market_sell 500 food |
| 21:56 | Baron279 · first_building Barracks |
| 22:45 | Lord Snow · tribute_sent a jugador 1 |
| 22:45 | Lord Snow · tribute_sent a jugador 2 |
| 22:45 | Lord Snow · tribute_sent a jugador 3 |
| 22:45 | Lord Snow · tribute_sent a jugador 4 |
| 22:45 | Lord Snow · tribute_sent a jugador 5 |
| 22:45 | Lord Snow · tribute_sent a jugador 6 |
| 22:45 | Lord Snow · tribute_sent a jugador 7 |
| 22:51 | VIT | Hera · first_building Castle |
| 23:03 | Wendysocute · first_building Castle |
| 23:10 | VIT | Hera · first_building Siege Workshop |
| 23:21 | Lord Snow · tribute_sent a jugador 1 |
| 23:21 | Lord Snow · tribute_sent a jugador 2 |
| 23:21 | Lord Snow · tribute_sent a jugador 3 |
| 23:21 | Lord Snow · tribute_sent a jugador 4 |
| 23:21 | Lord Snow · tribute_sent a jugador 5 |
| 23:21 | Lord Snow · tribute_sent a jugador 6 |
| 23:21 | Lord Snow · tribute_sent a jugador 7 |
| 23:41 | VIT | Hera · first_building Archery Range |
| 23:42 | VIT | Hera · first_building Stable |
| 24:10 | EpicPlayer · age_up imperial |
| 24:14 | zuti21 · first_building Stable |
| 24:36 | zuti21 · first_building Monastery |
| 24:44 | FAILEDFEMBOY · wall_segment Stone Wall x8 |
| 24:51 | Lord Snow · tribute_sent a jugador 1 |
| 24:51 | Lord Snow · tribute_sent a jugador 2 |
| 24:51 | Lord Snow · tribute_sent a jugador 3 |
| 24:51 | Lord Snow · tribute_sent a jugador 4 |
| 24:51 | Lord Snow · tribute_sent a jugador 5 |
| 24:51 | Lord Snow · tribute_sent a jugador 6 |
| 24:51 | Lord Snow · tribute_sent a jugador 7 |
| 24:52 | FAILEDFEMBOY · wall_segment Stone Wall x9 |
| 24:53 | VIT | Hera · age_up imperial |
| 24:54 | lobo · wall_segment Stone Wall x1 |
| 25:40 | EpicPlayer · first_building Castle |
| 25:41 | Lord Snow · tribute_sent a jugador 1 |
| 25:41 | Lord Snow · tribute_sent a jugador 2 |
| 25:41 | Lord Snow · tribute_sent a jugador 3 |
| 25:41 | Lord Snow · tribute_sent a jugador 4 |
| 25:41 | Lord Snow · tribute_sent a jugador 5 |
| 25:41 | Lord Snow · tribute_sent a jugador 6 |
| 25:41 | Lord Snow · tribute_sent a jugador 7 |
| 25:50 | zuti21 · first_building Castle |
| 26:15 | Wendysocute · age_up imperial |
| 26:29 | Wendysocute · first_market_sell 100 food |
| 26:30 | Lord Snow · tribute_sent a jugador 1 |
| 26:30 | Lord Snow · tribute_sent a jugador 2 |
| 26:30 | Lord Snow · tribute_sent a jugador 3 |
| 26:30 | Lord Snow · tribute_sent a jugador 4 |
| 26:30 | Lord Snow · tribute_sent a jugador 5 |
| 26:30 | Lord Snow · tribute_sent a jugador 6 |
| 26:30 | Lord Snow · tribute_sent a jugador 7 |
| 26:45 | lobo · first_building Archery Range |
| 26:48 | Lord Snow · wall_segment Stone Wall x7 |
| 27:00 | Baron279 · first_building Castle |
| 27:17 | lobo · wall_segment Stone Wall x35 |
| 27:20 | FAILEDFEMBOY · first_building Siege Workshop |
| 27:22 | Lord Snow · tribute_sent a jugador 1 |
| 27:22 | Lord Snow · tribute_sent a jugador 2 |
| 27:22 | Lord Snow · tribute_sent a jugador 3 |
| 27:22 | Lord Snow · tribute_sent a jugador 4 |
| 27:22 | Lord Snow · tribute_sent a jugador 5 |
| 27:22 | Lord Snow · tribute_sent a jugador 6 |
| 27:22 | Lord Snow · tribute_sent a jugador 7 |
| 28:00 | FAILEDFEMBOY · first_market_sell 100 wood |
| 28:15 | zuti21 · age_up imperial |
| 28:18 | Lord Snow · tribute_sent a jugador 1 |
| 28:18 | Lord Snow · tribute_sent a jugador 2 |
| 28:18 | Lord Snow · tribute_sent a jugador 3 |
| 28:18 | Lord Snow · tribute_sent a jugador 4 |
| 28:18 | Lord Snow · tribute_sent a jugador 5 |
| 28:18 | Lord Snow · tribute_sent a jugador 6 |
| 28:18 | Lord Snow · tribute_sent a jugador 7 |
| 28:26 | lobo · first_building Siege Workshop |
| 28:47 | Baron279 · age_up imperial |
| 29:06 | Lord Snow · tribute_sent a jugador 1 |
| 29:06 | Lord Snow · tribute_sent a jugador 2 |
| 29:06 | Lord Snow · tribute_sent a jugador 3 |
| 29:06 | Lord Snow · tribute_sent a jugador 4 |
| 29:06 | Lord Snow · tribute_sent a jugador 5 |
| 29:06 | Lord Snow · tribute_sent a jugador 6 |
| 29:06 | Lord Snow · tribute_sent a jugador 7 |
| 29:30 | Wendysocute · wall_segment Stone Wall x6 |
| 29:32 | Wendysocute · wall_segment Stone Wall x6 |
| 29:46 | zuti21 · first_market_sell 100 food |
| 29:53 | Baron279 · first_building Stable |
| 30:18 | Lord Snow · tribute_sent a jugador 1 |
| 30:18 | Lord Snow · tribute_sent a jugador 2 |
| 30:18 | Lord Snow · tribute_sent a jugador 3 |
| 30:18 | Lord Snow · tribute_sent a jugador 4 |
| 30:18 | Lord Snow · tribute_sent a jugador 5 |
| 30:18 | Lord Snow · tribute_sent a jugador 6 |
| 30:18 | Lord Snow · tribute_sent a jugador 7 |
| 30:26 | Wendysocute · first_building Archery Range |
| 30:51 | Wendysocute · first_building Siege Workshop |
| 31:12 | Lord Snow · tribute_sent a jugador 1 |
| 31:12 | Lord Snow · tribute_sent a jugador 2 |
| 31:12 | Lord Snow · tribute_sent a jugador 3 |
| 31:12 | Lord Snow · tribute_sent a jugador 4 |
| 31:12 | Lord Snow · tribute_sent a jugador 5 |
| 31:12 | Lord Snow · tribute_sent a jugador 6 |
| 31:12 | Lord Snow · tribute_sent a jugador 7 |
| 31:16 | FAILEDFEMBOY · age_up imperial |
| 31:40 | Lord Snow · tribute_sent a jugador 1 |
| 31:40 | Lord Snow · tribute_sent a jugador 2 |
| 31:40 | Lord Snow · tribute_sent a jugador 3 |
| 31:40 | Lord Snow · tribute_sent a jugador 4 |
| 31:40 | Lord Snow · tribute_sent a jugador 5 |
| 31:40 | Lord Snow · tribute_sent a jugador 6 |
| 31:40 | Lord Snow · tribute_sent a jugador 7 |
| 31:57 | Lord Snow · tribute_sent a jugador 1 |
| 31:57 | Lord Snow · tribute_sent a jugador 2 |
| 31:57 | Lord Snow · tribute_sent a jugador 3 |
| 31:57 | Lord Snow · tribute_sent a jugador 4 |
| 31:57 | Lord Snow · tribute_sent a jugador 5 |
| 31:57 | Lord Snow · tribute_sent a jugador 6 |
| 31:57 | Lord Snow · tribute_sent a jugador 7 |
| 32:07 | Baron279 · first_market_sell 100 food |
| 32:49 | Lord Snow · tribute_sent a jugador 1 |
| 32:49 | Lord Snow · tribute_sent a jugador 2 |
| 32:49 | Lord Snow · tribute_sent a jugador 3 |
| 32:49 | Lord Snow · tribute_sent a jugador 4 |
| 32:49 | Lord Snow · tribute_sent a jugador 5 |
| 32:49 | Lord Snow · tribute_sent a jugador 6 |
| 32:49 | Lord Snow · tribute_sent a jugador 7 |
| 33:18 | Lord Snow · tribute_sent a jugador 1 |
| 33:18 | Lord Snow · tribute_sent a jugador 2 |
| 33:18 | Lord Snow · tribute_sent a jugador 3 |
| 33:18 | Lord Snow · tribute_sent a jugador 4 |
| 33:18 | Lord Snow · tribute_sent a jugador 5 |
| 33:18 | Lord Snow · tribute_sent a jugador 6 |
| 33:18 | Lord Snow · tribute_sent a jugador 7 |
| 33:37 | Lord Snow · tribute_sent a jugador 1 |
| 33:37 | Lord Snow · tribute_sent a jugador 2 |
| 33:37 | Lord Snow · tribute_sent a jugador 3 |
| 33:37 | Lord Snow · tribute_sent a jugador 4 |
| 33:37 | Lord Snow · tribute_sent a jugador 5 |
| 33:37 | Lord Snow · tribute_sent a jugador 6 |
| 33:37 | Lord Snow · tribute_sent a jugador 7 |
| 33:58 | Lord Snow · first_building Siege Workshop |
| 34:37 | Lord Snow · tribute_sent a jugador 1 |
| 34:37 | Lord Snow · tribute_sent a jugador 2 |
| 34:37 | Lord Snow · tribute_sent a jugador 3 |
| 34:37 | Lord Snow · tribute_sent a jugador 4 |
| 34:37 | Lord Snow · tribute_sent a jugador 5 |
| 34:37 | Lord Snow · tribute_sent a jugador 6 |
| 34:37 | Lord Snow · tribute_sent a jugador 7 |
| 35:34 | Lord Snow · tribute_sent a jugador 1 |
| 35:34 | Lord Snow · tribute_sent a jugador 2 |
| 35:34 | Lord Snow · tribute_sent a jugador 3 |
| 35:34 | Lord Snow · tribute_sent a jugador 4 |
| 35:34 | Lord Snow · tribute_sent a jugador 5 |
| 35:34 | Lord Snow · tribute_sent a jugador 6 |
| 35:34 | Lord Snow · tribute_sent a jugador 7 |
| 35:55 | Lord Snow · tribute_sent a jugador 1 |
| 35:55 | Lord Snow · tribute_sent a jugador 2 |
| 35:55 | Lord Snow · tribute_sent a jugador 3 |
| 35:55 | Lord Snow · tribute_sent a jugador 4 |
| 35:55 | Lord Snow · tribute_sent a jugador 5 |
| 35:55 | Lord Snow · tribute_sent a jugador 6 |
| 35:55 | Lord Snow · tribute_sent a jugador 7 |
| 36:10 | Lord Snow · first_building Monastery |
| 36:49 | zuti21 · tribute_sent a jugador 1 |
| 36:49 | zuti21 · tribute_sent a jugador 2 |
| 36:49 | zuti21 · tribute_sent a jugador 3 |
| 36:49 | zuti21 · tribute_sent a jugador 4 |
| 36:49 | zuti21 · tribute_sent a jugador 5 |
| 36:49 | zuti21 · tribute_sent a jugador 6 |
| 36:49 | zuti21 · tribute_sent a jugador 8 |
| 37:12 | Lord Snow · wall_segment Stone Wall x7 |
| 37:56 | Lord Snow · tribute_sent a jugador 1 |
| 37:56 | Lord Snow · tribute_sent a jugador 2 |
| 37:56 | Lord Snow · tribute_sent a jugador 3 |
| 37:56 | Lord Snow · tribute_sent a jugador 4 |
| 37:56 | Lord Snow · tribute_sent a jugador 5 |
| 37:56 | Lord Snow · tribute_sent a jugador 6 |
| 37:56 | Lord Snow · tribute_sent a jugador 7 |
| 39:02 | Lord Snow · tribute_sent a jugador 1 |
| 39:02 | Lord Snow · tribute_sent a jugador 2 |
| 39:02 | Lord Snow · tribute_sent a jugador 3 |
| 39:02 | Lord Snow · tribute_sent a jugador 4 |
| 39:02 | Lord Snow · tribute_sent a jugador 5 |
| 39:02 | Lord Snow · tribute_sent a jugador 6 |
| 39:02 | Lord Snow · tribute_sent a jugador 7 |
| 39:16 | Wendysocute · first_building Barracks |
| 40:05 | lobo · first_building Castle |
| 40:38 | Lord Snow · tribute_sent a jugador 1 |
| 40:38 | Lord Snow · tribute_sent a jugador 2 |
| 40:38 | Lord Snow · tribute_sent a jugador 3 |
| 40:38 | Lord Snow · tribute_sent a jugador 4 |
| 40:38 | Lord Snow · tribute_sent a jugador 5 |
| 40:38 | Lord Snow · tribute_sent a jugador 6 |
| 40:38 | Lord Snow · tribute_sent a jugador 7 |
| 40:43 | VIT | Hera · tribute_sent a jugador 1 |
| 40:43 | VIT | Hera · tribute_sent a jugador 2 |
| 40:43 | VIT | Hera · tribute_sent a jugador 3 |
| 40:43 | VIT | Hera · tribute_sent a jugador 4 |
| 40:43 | VIT | Hera · tribute_sent a jugador 5 |
| 40:43 | VIT | Hera · tribute_sent a jugador 7 |
| 40:43 | VIT | Hera · tribute_sent a jugador 8 |
| 41:27 | EpicPlayer · first_building Siege Workshop |
| 41:33 | lobo · wall_segment Stone Wall x8 |
| 42:38 | Lord Snow · tribute_sent a jugador 1 |
| 42:38 | Lord Snow · tribute_sent a jugador 2 |
| 42:38 | Lord Snow · tribute_sent a jugador 3 |
| 42:38 | Lord Snow · tribute_sent a jugador 4 |
| 42:38 | Lord Snow · tribute_sent a jugador 5 |
| 42:38 | Lord Snow · tribute_sent a jugador 6 |
| 42:38 | Lord Snow · tribute_sent a jugador 7 |
| 43:59 | VIT | Hera · wall_segment Stone Wall x72 |
| 44:00 | Lord Snow · tribute_sent a jugador 1 |
| 44:00 | Lord Snow · tribute_sent a jugador 2 |
| 44:00 | Lord Snow · tribute_sent a jugador 3 |
| 44:00 | Lord Snow · tribute_sent a jugador 4 |
| 44:00 | Lord Snow · tribute_sent a jugador 5 |
| 44:00 | Lord Snow · tribute_sent a jugador 6 |
| 44:00 | Lord Snow · tribute_sent a jugador 7 |
| 44:34 | Baron279 · first_building Archery Range |
| 44:42 | Lord Snow · tribute_sent a jugador 1 |
| 44:42 | Lord Snow · tribute_sent a jugador 2 |
| 44:42 | Lord Snow · tribute_sent a jugador 3 |
| 44:42 | Lord Snow · tribute_sent a jugador 4 |
| 44:42 | Lord Snow · tribute_sent a jugador 5 |
| 44:42 | Lord Snow · tribute_sent a jugador 6 |
| 44:42 | Lord Snow · tribute_sent a jugador 7 |
| 45:51 | Lord Snow · tribute_sent a jugador 1 |
| 45:51 | Lord Snow · tribute_sent a jugador 2 |
| 45:51 | Lord Snow · tribute_sent a jugador 3 |
| 45:51 | Lord Snow · tribute_sent a jugador 4 |
| 45:51 | Lord Snow · tribute_sent a jugador 5 |
| 45:51 | Lord Snow · tribute_sent a jugador 6 |
| 45:51 | Lord Snow · tribute_sent a jugador 7 |
| 46:27 | Lord Snow · tribute_sent a jugador 1 |
| 46:27 | Lord Snow · tribute_sent a jugador 2 |
| 46:27 | Lord Snow · tribute_sent a jugador 3 |
| 46:27 | Lord Snow · tribute_sent a jugador 4 |
| 46:27 | Lord Snow · tribute_sent a jugador 5 |
| 46:27 | Lord Snow · tribute_sent a jugador 6 |
| 46:27 | Lord Snow · tribute_sent a jugador 7 |
| 46:39 | Lord Snow · tribute_sent a jugador 1 |
| 46:39 | Lord Snow · tribute_sent a jugador 2 |
| 46:39 | Lord Snow · tribute_sent a jugador 3 |
| 46:39 | Lord Snow · tribute_sent a jugador 4 |
| 46:39 | Lord Snow · tribute_sent a jugador 5 |
| 46:39 | Lord Snow · tribute_sent a jugador 6 |
| 46:39 | Lord Snow · tribute_sent a jugador 7 |
| 47:20 | Lord Snow · tribute_sent a jugador 1 |
| 47:20 | Lord Snow · tribute_sent a jugador 2 |
| 47:20 | Lord Snow · tribute_sent a jugador 3 |
| 47:20 | Lord Snow · tribute_sent a jugador 4 |
| 47:20 | Lord Snow · tribute_sent a jugador 5 |
| 47:20 | Lord Snow · tribute_sent a jugador 6 |
| 47:20 | Lord Snow · tribute_sent a jugador 7 |
| 47:28 | VIT | Hera · wall_segment Stone Wall x2 |
| 47:32 | VIT | Hera · wall_segment Stone Wall x37 |
| 47:50 | VIT | Hera · wall_segment Stone Wall x15 |
| 47:56 | VIT | Hera · wall_segment Stone Wall x22 |
| 48:03 | Lord Snow · tribute_sent a jugador 1 |
| 48:03 | Lord Snow · tribute_sent a jugador 2 |
| 48:03 | Lord Snow · tribute_sent a jugador 3 |
| 48:03 | Lord Snow · tribute_sent a jugador 4 |
| 48:03 | Lord Snow · tribute_sent a jugador 5 |
| 48:03 | Lord Snow · tribute_sent a jugador 6 |
| 48:03 | Lord Snow · tribute_sent a jugador 7 |
| 48:05 | VIT | Hera · wall_segment Stone Wall x31 |
| 48:06 | VIT | Hera · wall_segment Stone Wall x1 |
| 48:49 | VIT | Hera · wall_segment Stone Wall x15 |
| 49:04 | Lord Snow · tribute_sent a jugador 1 |
| 49:04 | Lord Snow · tribute_sent a jugador 2 |
| 49:04 | Lord Snow · tribute_sent a jugador 3 |
| 49:04 | Lord Snow · tribute_sent a jugador 4 |
| 49:04 | Lord Snow · tribute_sent a jugador 5 |
| 49:04 | Lord Snow · tribute_sent a jugador 6 |
| 49:04 | Lord Snow · tribute_sent a jugador 7 |
| 49:12 | Lord Snow · tribute_sent a jugador 1 |
| 49:12 | Lord Snow · tribute_sent a jugador 2 |
| 49:12 | Lord Snow · tribute_sent a jugador 3 |
| 49:12 | Lord Snow · tribute_sent a jugador 4 |
| 49:12 | Lord Snow · tribute_sent a jugador 5 |
| 49:12 | Lord Snow · tribute_sent a jugador 6 |
| 49:12 | Lord Snow · tribute_sent a jugador 7 |
| 51:18 | Lord Snow · tribute_sent a jugador 1 |
| 51:18 | Lord Snow · tribute_sent a jugador 2 |
| 51:18 | Lord Snow · tribute_sent a jugador 3 |
| 51:18 | Lord Snow · tribute_sent a jugador 4 |
| 51:18 | Lord Snow · tribute_sent a jugador 5 |
| 51:18 | Lord Snow · tribute_sent a jugador 6 |
| 51:18 | Lord Snow · tribute_sent a jugador 7 |
| 52:15 | Lord Snow · tribute_sent a jugador 1 |
| 52:15 | Lord Snow · tribute_sent a jugador 2 |
| 52:15 | Lord Snow · tribute_sent a jugador 3 |
| 52:15 | Lord Snow · tribute_sent a jugador 4 |
| 52:15 | Lord Snow · tribute_sent a jugador 5 |
| 52:15 | Lord Snow · tribute_sent a jugador 6 |
| 52:15 | Lord Snow · tribute_sent a jugador 7 |
| 52:22 | zuti21 · resign |
| 52:23 | EpicPlayer · first_building Monastery |
| 52:56 | Lord Snow · tribute_sent a jugador 1 |
| 52:56 | Lord Snow · tribute_sent a jugador 2 |
| 52:56 | Lord Snow · tribute_sent a jugador 3 |
| 52:56 | Lord Snow · tribute_sent a jugador 4 |
| 52:56 | Lord Snow · tribute_sent a jugador 5 |
| 52:56 | Lord Snow · tribute_sent a jugador 6 |
| 52:56 | Lord Snow · tribute_sent a jugador 7 |
| 53:09 | Lord Snow · tribute_sent a jugador 1 |
| 53:09 | Lord Snow · tribute_sent a jugador 2 |
| 53:09 | Lord Snow · tribute_sent a jugador 3 |
| 53:09 | Lord Snow · tribute_sent a jugador 4 |
| 53:09 | Lord Snow · tribute_sent a jugador 5 |
| 53:09 | Lord Snow · tribute_sent a jugador 6 |
| 53:09 | Lord Snow · tribute_sent a jugador 7 |
| 54:09 | Lord Snow · tribute_sent a jugador 1 |
| 54:09 | Lord Snow · tribute_sent a jugador 2 |
| 54:09 | Lord Snow · tribute_sent a jugador 3 |
| 54:09 | Lord Snow · tribute_sent a jugador 4 |
| 54:09 | Lord Snow · tribute_sent a jugador 5 |
| 54:09 | Lord Snow · tribute_sent a jugador 6 |
| 54:09 | Lord Snow · tribute_sent a jugador 7 |
| 54:31 | Lord Snow · tribute_sent a jugador 1 |
| 54:31 | Lord Snow · tribute_sent a jugador 2 |
| 54:31 | Lord Snow · tribute_sent a jugador 3 |
| 54:31 | Lord Snow · tribute_sent a jugador 4 |
| 54:31 | Lord Snow · tribute_sent a jugador 5 |
| 54:31 | Lord Snow · tribute_sent a jugador 6 |
| 54:31 | Lord Snow · tribute_sent a jugador 7 |
| 55:19 | Lord Snow · tribute_sent a jugador 1 |
| 55:19 | Lord Snow · tribute_sent a jugador 2 |
| 55:19 | Lord Snow · tribute_sent a jugador 3 |
| 55:19 | Lord Snow · tribute_sent a jugador 4 |
| 55:19 | Lord Snow · tribute_sent a jugador 5 |
| 55:19 | Lord Snow · tribute_sent a jugador 6 |
| 55:19 | Lord Snow · tribute_sent a jugador 7 |
[ AI ANALYSIS · 1 CREDIT ]
What really happened in this match?
Wolo.gg analyzes every decision: build order, eco, micro, common mistakes by bracket. Personalized analysis on WhatsApp or Discord in 30 seconds.
Civ guide
Khmer
Perfil
Jugador #6842441